 Dungeon Crawl Stone Soup version 0.30.1-11-g7821555f0a (webtiles) character file.

Game seed: 358567420865015886

89700 2FriedEggs the Geomancer (level 15, -3/92 HPs)
             Began as an Octopode Earth Elementalist on Nov 13, 2023.
             Was the Champion of Hepliaklqana.
             Slain by a skyshark (4 damage)
             ... on level 2 of the Shoals.
             The game lasted 01:23:37 (37668 turns).

2FriedEggs the Geomancer (OpEE)                    Turns: 37668, Time: 01:23:38

Health: -3/92      AC:  3    Str:  8    XL:     15   Next: 98%
Magic:  8/26       EV: 15    Int: 35    God:    Hepliaklqana [******]
Gold:   1208       SH: 12    Dex: 13    Spells: 15/34 levels left

rFire   + . .        b - staff of earth "Atued" {*Corrode rElec rPois Int+5}
rCold   + . .        J - +0 kite shield
rNeg    + . .        Y - +2 hat
rPois   +            (no amulet)
rElec   +            A - +6 ring of intelligence
rCorr   .            w - ring of protection from cold
SInv    .            I - ring of wizardry
Will    +....        R - ring of positive energy
Stlth   +++          V - ring of flight
HPRegen 0.35/turn    (no ring)
MPRegen 0.20/turn    (no ring)
                     (no ring)

%: corrode self (3%), wizardry (x1)
@: flying
A: reduced essence, almost no armour, amphibious, 8 rings, camouflage 1,
gelatinous body 1, (nimble swimmer 1), tentacles, fire resistance 1, low MP 1
a: Renounce Religion, Recall Ancestor, Ancestor Identity, Transference, Idealise


You were on level 2 of the Shoals.
You worshipped Hepliaklqana.
Hepliaklqana was exalted by your worship.
You visited 6 branches of the dungeon, and saw 26 of its levels.
You also visited: Trove and Gauntlet.

You collected 2783 gold pieces.
You spent 1575 gold pieces at shops.

Inventory:

Hand Weapons
 G - a +3 dagger of draining
 Z - the +4 consecrated labrys {holy, Valiant Fragile Fly SInv}
   (You found it in a treasure trove)

   Valiant:   It becomes more powerful as more dangerous foes come into view.
   SInv:      It lets you see invisible.
   Fly:       It grants you flight.
   Fragile:   It will be destroyed if unequipped.
Missiles
 S - 3 throwing nets
Armour
 F - a +0 buckler
 J - a +0 kite shield (worn)
 Y - a +2 hat (worn)
Magical Staves
 b - the staff of earth "Atued" (weapon) {*Corrode rElec rPois Int+5}
   (You acquired it on level 8 of the Dungeon)

   [staff of earth]

   Base accuracy: +5 Base damage: 5 Base attack delay: 1.2 This weapon's minimum
   attack delay (0.6) is reached at skill level 12.
   Int:       It affects your intelligence (+5).
   rElec:     It insulates you from electricity.
   rPois:     It protects you from poison.
   *Corrode:  It may corrode you when you take damage.
   It falls into the 'Staves' category.
   It is a one-tentacled weapon.
Jewellery
 m - an amulet of guardian spirit
 w - a ring of protection from cold (right tentacle)
 A - a +6 ring of intelligence (left tentacle)
 I - a ring of wizardry (on tentacle)
 R - a ring of positive energy (on tentacle)
 V - a ring of flight (on tentacle)
 W - the ring "Cantur" {+Blink rC- Int+6 Dex+6}
   (You found it in a treasure trove)

   [ring of dexterity]

   Int:       It affects your intelligence (+6).
   Dex:       It affects your dexterity (+6).
   rC:        It makes you vulnerable to cold.
   +Blink:    It lets you blink.
Wands
 t - a wand of iceblast (11)
 C - a wand of charming (13)
 E - a wand of mindburst (14)
 H - a wand of flame (30)
 K - a wand of acid (4)
 O - a wand of digging (5)
Scrolls
 d - 3 scrolls of vulnerability
 e - 10 scrolls of teleportation
 g - 4 scrolls of enchant weapon
 i - 2 scrolls of amnesia
 k - 7 scrolls of torment
 n - 4 scrolls of immolation
 p - 2 scrolls of poison
 u - 3 scrolls of blinking
 y - 2 scrolls of fear
 D - a scroll of identify
 N - a scroll of butterflies
 P - 3 scrolls of silence
 Q - 5 scrolls of fog
Potions
 a - 2 potions of magic
 c - 14 potions of curing
 f - 3 potions of might
 h - 7 potions of mutation
 j - 3 potions of flight
 l - 2 potions of cancellation {unknown}
 o - 3 potions of haste
 q - 4 potions of ambrosia
 s - 4 potions of brilliance
 v - 2 potions of resistance {unknown}
 x - a potion of degeneration {unknown}
 z - 5 potions of attraction
 B - 4 potions of heal wounds
 M - 4 potions of lignification
 T - a potion of berserk rage {unknown}
 U - a potion of invisibility {unknown}
Miscellaneous
 r - a box of beasts
 L - a lightning rod (4/4)


   Skills:
 - Level 9.9 Fighting
 - Level 2.6 Short Blades
 - Level 10.1 Dodging
 - Level 2.6 Stealth
 - Level 12.0 Shields
 - Level 10.0 Spellcasting
 - Level 4.5 Conjurations
 - Level 3.8 Transmutations
 + Level 13.4 Earth Magic
 - Level 12.0 Poison Magic
 - Level 8.0 Invocations


You had 15 spell levels left.
You knew the following spells:

 Your Spells              Type           Power      Damage    Failure   Level
a - Sandblast             Erth           100%       2d20      1%          1
b - Olgreb's Toxic Radia  Pois           80%        N/A       1%          4
c - Stone Arrow           Conj/Erth      100%       3d13      1%          3
d - Lee's Rapid Deconstr  Erth           53%        3d25*     1%          5
e - Passwall              Tmut/Erth      72%        N/A       1%          2
f - Petrify               Tmut/Erth      87%        N/A       1%          4

Your spell library contained the following spells:

 Spells                   Type           Power      Damage    Failure   Level
 Beastly Appendage        Tmut           88%        N/A       1%          1
 Sting                    Tmut/Pois      100%       1d8       1%          1
 Momentum Strike          Conj/Tloc      66%        3d9       1%          2
 Poisonous Vapours        Pois/Air       100%       N/A       1%          2
 Ignite Poison            Fire/Tmut/Pois 53%        N/A       1%          3
 Mephitic Cloud           Conj/Pois/Air  54%        N/A       1%          3
 Apportation              Tloc           34%        N/A       3%          1
 Freeze                   Ice            68%        1d8       3%          1
 Necrotise                Necr           68%        1d7       3%          1
 Slow                     Hex            68%        N/A       3%          1
 Summon Small Mammal      Summ           68%        N/A       3%          1
 Hailstorm                Conj/Ice       33%        3d8       3%          3
 Ensorcelled Hibernation  Hex/Ice        34%        N/A       4%          2
 Lesser Beckoning         Tloc           34%        N/A       4%          2
 Confusing Touch          Hex            17%        N/A       9%          3
 Frozen Ramparts          Ice            34%        1d6       9%          3
 Gell's Gravitas          Tloc           17%        N/A       9%          3
 Inner Flame              Hex/Fire       17%        N/A       9%          3
 Swiftness                Air            17%        N/A       9%          3
 Teleport Other           Tloc           17%        N/A       9%          3
 Vampiric Draining        Necr           17%        2d7       9%          3
 Volatile Blastmotes      Fire/Tloc      34%        2d12      9%          3
 Flame Wave               Conj/Fire      33%        2d10      12%         4
 Fulminant Prism          Conj/Hex       16%        3d10      12%         4
 Iskenderun's Mystic Bla  Conj/Tloc      33%        2d8       12%         4
 Sticky Flame             Conj/Fire      33%        2d5       12%         4
 Dispel Undead            Necr           17%        3d10      28%         4
 Agony                    Necr           17%        N/A       58%         5
 Infestation              Necr           8%         N/A       100%        8


Dungeon Overview and Level Annotations

Branches:
Dungeon (15/15)            Temple (1/1) D:7            Lair (5/5) D:9
 Shoals (2/4) Lair:2       Spider (1/4) Lair:3        Slime (0/5) Lair:5
    Orc (2/2) D:9             Elf (0/3) Orc:2        Vaults (0/5) D:14
 Depths (0/4) D:15        Gauntlet (visited)

Altars:
Ashenzari
Cheibriados
Dithmenos
Elyvilon
Fedhas
Gozag
Hepliaklqana
Kikubaaqudgha
Makhleb
Nemelex Xobeh
Okawaru
Qazlal
Ru
Sif Muna
Trog
Uskayaw
Vehumet
Wu Jian
Xom
Yredelemnul
Zin
The Shining One
Jiyva

Shops:
D:11 *   D:15 [   Orc:2 *((?   Shoals:1 *

Annotations:
D:4 3 runed translucent doors, Grinder; pkoi's ghost, amateur DrMo
D:5 exclusion: centaur
D:9 exclusions: oklob plant and oklob sapling
D:13 3 runed translucent doors, eurytides's ghost, journeyman MiFi
Lair:4 3 runed translucent doors, Iguz's ghost, journeyman DrSu
Lair:5 3 runed translucent doors, lonewolfV2's ghost, journeyman MiFi
Shoals:1 2 runed translucent doors, Zipteul's ghost, adept NaBe


Innate Abilities, Weirdness & Mutations

Your life essence is reduced to manifest your ancestor. (-10% HP)
You cannot wear most types of armour.
You are amphibious.
You can wear up to eight rings at the same time.
Your skin changes colour to match your surroundings (Stealth+).
Your rubbery body absorbs attacks. (AC +1, EV +1)
((You are camouflaged when in or above water. (Stealth+)))
You have tentacles for arms and can constrict up to eight enemies at once.
Your flesh is heat resistant. (rF+)
Your magical capacity is low. (-10% MP)


Message History

Confirm with . or Enter, or press ? or * to list all spells.
You begin to radiate toxic energy.
The alligator snapping turtle looks as sick as possible! x2
Octolad hits the alligator snapping turtle with a +0 quarterstaff.
Unknown command.
Okay, then.
You feel much better.
The skyshark looks even sicker.
You block the skyshark's attack. x2; The skyshark misses you.
The alligator snapping turtle bites Octolad!!
Octolad is destroyed!
Casting: Olgreb's Toxic Radiance (safe; 1% risk of failure)
Confirm with . or Enter, or press ? or * to list all spells.
Aiming: Stone Arrow (safe; 1% risk of failure)
Press: ? - help, Shift-Dir - straight line, f/p - alligator snapping turtle
Aim: an alligator snapping turtle (almost dead, extremely poisoned, 100% to hit)
You feel a surge of power!
The stone arrow hits the alligator snapping turtle.
The alligator snapping turtle is almost dead.
The alligator snapping turtle looks as sick as possible!
The skyshark closely misses you. You block the skyshark's attack.
The skyshark misses you.
Casting: Stone Arrow (safe; 1% risk of failure)
Confirm with . or Enter, or press ? or * to list all spells.
Aiming: Stone Arrow (safe; 1% risk of failure)
Press: ? - help, Shift-Dir - straight line, f/p - alligator snapping turtle
Aim: an alligator snapping turtle (almost dead, extremely poisoned, 100% to hit)
Okay, then.
The skyshark attacks as you move away! The skyshark bites you!!
The skyshark tastes blood and grows stronger!
The skyshark tail-slaps you!
* * * LOW HITPOINT WARNING * * *
You block the skyshark's attack.
The alligator snapping turtle looks as sick as possible!
Your toxic aura wanes.
The skyshark bites you!
* * * LOW HITPOINT WARNING * * *
The skyshark enters a blood-rage!
The skyshark tail-slaps you.
* * * LOW HITPOINT WARNING * * *
The skyshark tail-slaps you.
You die...

≈~P≈≈≈≈P~P~~~~~~~~....~~≈≈
P~~P~P≈PP~~≈~~≈~..##..~~≈≈
P~P~~~~~.P~PP≈≈~.####.~~~~
PPP~~~~~.P.P.~~~..###~†..~
~~.~...~.~.###.......~~~~~
~..........# ####...~~~~~~
~..........######..~~~~~~~
~..#####...........~~~~~~~
~~ ##l@........~~~~~~~~ ~
###........~...~~~~..~
#...t..#.......~~~~...
~~............##.........~
~~~.....~~###.#......~...~
~~~~~~~~≈.###....###.....~
≈~~~~...~..#...~..##†..>.~
≈≈~~.........~≈~......~~~~
≈≈~~~..~.....~≈~~...†.~~~~


You could see an alligator snapping turtle (extremely poisoned) and a skyshark
(berserk, very poisoned).

Vanquished Creatures
  A kraken (Shoals:1)
  Kirke (D:15)
  2 orc warlords (Orc:2)
  2 fire dragons
  A spriggan zombie (D:15)
  4 hydras
  A spriggan skeleton (D:15)
  A catoblepas (D:15)
  2 centaur warriors (D:13)
  Erica (D:8)
  5 two-headed ogres
  7 death yaks
  An orc high priest (Orc:2)
  2 sea snakes (Shoals:1)
  Amaemon (D:8)
  2 skeletal warriors
  4 skysharks
  A swamp dragon (Lair:5)
  A phantasmal warrior (D:15)
  A tengu zombie (D:15)
  3 harpies (Shoals:2)
  2 orc knights (Orc:2)
  2 deep elf pyromancers
  4 lindwurms (Lair:4)
  2 ugly things (D:14)
  3 cyclopes
  3 orc sorcerers (Orc:2)
  5 manticores
  A merfolk siren (Shoals:1)
  2 black mambas
  An orange demon (D:8)
  10 elephants
  A gargoyle (D:10)
  6 cane toads
  Maggie (D:6)
  An efreet (D:14)
  2 freezing wraiths
  2 komodo dragons
  An unseen horror (D:11)
  A rime drake (D:9)
  5 merfolk
  A wind drake (shapeshifter) (D:14)
  A guardian mummy (D:15)
  9 trolls
  2 wind drakes (Shoals:1)
  3 hornets
  6 polar bears
  A snapping turtle (Lair:2)
  5 water elementals
  3 hogs (D:15)
  2 wyverns
  An ettin skeleton (D:15)
  2 shadows (D:11)
  5 steam dragons
  A yak (Lair:3)
  6 basilisks
  7 wargs
  3 vampire mosquitoes
  7 two-headed ogre zombies (Orc:1)
  4 acid dragons
  8 water moccasins
  A swamp drake (Lair:5)
  3 black bears
  16 orc warriors
  6 ice beasts (D:9)
  9 ogres
  3 wolves (Lair:2)
  5 centaurs
  2 phantoms
  A kobold brigand (D:9)
  13 bullfrogs
  2 gnoll sergeants
  4 scorpions
  A wight (D:6)
  5 howler monkeys
  A hound (D:9)
  15 orc priests
  5 iguanas
  A sleepcap (D:7)
  19 orc wizards
  12 gnolls
  12 adders
  A shadow imp (D:7)
  3 white imps
  An ufetubus (D:6)
  2 worms
  56 orcs
  15 ball pythons
  4 endoplasms
  4 giant cockroaches
  7 goblins
  6 hobgoblins
  4 quokkas
  4 bats
  4 frilled lizards
  11 kobolds
  5 rats
439 creatures vanquished.

Vanquished Creatures (collateral kills)
  An ettin (Orc:1)
  An ogre mage (Orc:1)
  2 two-headed ogres
  A hydra (Lair:5)
  A centaur warrior (D:14)
  A merfolk aquamancer (Shoals:2)
  A death knight (D:12)
  2 death yaks (Lair:4)
  3 orc high priests
  Lodul (D:12)
  2 sea snakes
  A phantasmal warrior (D:11)
  A necromancer (D:15)
  3 manticores
  2 orc sorcerers (Orc:2)
  2 ugly things (D:14)
  3 cyclopes
  4 black mambas
  7 elephants
  3 cane toads
  3 komodo dragons
  A freezing wraith (D:15)
  2 unseen horrors
  A merfolk (Shoals:1)
  2 trolls
  2 polar bears
  4 saltlings (Orc:2)
  A snapping turtle (Shoals:1)
  3 yaks (Lair:3)
  3 shadows
  2 water elementals
  5 basilisks
  A wraith (D:12)
  A human (D:15)
  2 vampire mosquitoes
  A warg (Orc:1)
  7 two-headed ogre zombies (Orc:1)
  An acid dragon (Lair:5)
  2 swamp drakes (Lair:5)
  A water moccasin (Lair:3)
  10 orc warriors
  A sky beast (D:8)
  3 ogres (D:12)
  A wolf (Lair:2)
  A bullfrog (Lair:3)
  A gnoll sergeant (D:8)
  2 scorpions (Lair:3)
  A howler monkey (D:8)
  An orc priest (Orc:1)
  2 iguanas (Lair:5)
  7 orc wizards
  A gnoll (D:8)
  3 worms (Lair:3)
  8 orcs
129 creatures vanquished.

Vanquished Creatures (others)
  A cyclops (D:15)
  3 humans (D:15)
  An ancestor (D:10)
  17 battlemagi
  6 tentacles (Shoals:1)
28 creatures vanquished.

Grand Total: 596 creatures vanquished

Notes
Turn   | Place    | Note
-------+----------+-------------------------------------------
     0 | D:1      | 2FriedEggs the Octopode Earth Elementalist began the quest
                  | for the Orb.
     0 | D:1      | Reached XP level 1. HP: 11/11 MP: 3/3
   210 | D:1      | Reached XP level 2. HP: 17/17 MP: 2/5
  1022 | D:1      | Reached XP level 3. HP: 21/21 MP: 5/7
  2324 | D:3      | Reached XP level 4. HP: 27/27 MP: 7/9
  3184 | D:4      | Found a runed translucent gate.
  3185 | D:4      | Found a runed translucent gate.
  3186 | D:4      | Found a runed translucent gate.
  3277 | D:4      | Noticed a scorpion
  3288 | D:4      | Learned a level 2 spell: Passwall
  3292 | D:4      | Learned a level 3 spell: Stone Arrow
  3318 | D:4      | Killed a scorpion
  3319 | D:4      | Reached XP level 5. HP: 13/31 MP: 0/12
  3645 | D:4      | Reached skill level 5 in Spellcasting
  4126 | D:4      | Noticed pkoi's ghost (amateur DrMo)
  4136 | D:4      | Noticed Grinder
  4389 | D:5      | Entered Level 5 of the Dungeon
  4409 | D:5      | Noticed a centaur
  4430 | D:5      | Reached skill level 1 in Conjurations
  4468 | D:5      | Reached skill level 4 in Earth Magic
  4468 | D:5      | Reached XP level 6. HP: 36/36 MP: 2/13
  5188 | D:6      | Noticed Maggie
  5275 | D:6      | Reached skill level 5 in Earth Magic
  5275 | D:6      | Reached XP level 7. HP: 41/41 MP: 3/14
  5610 | D:6      | Reached skill level 6 in Earth Magic
  5718 | D:6      | Reached XP level 8. HP: 31/46 MP: 11/15
  5856 | D:6      | Reached skill level 7 in Earth Magic
  6445 | D:7      | Learned a level 4 spell: Petrify
  6498 | D:7      | Noticed a hornet
  6512 | D:7      | Killed a hornet
  6771 | D:7      | Got the Guide on the Excursion and Stolen Souls
  6815 | D:7      | Reached skill level 8 in Earth Magic
  7493 | D:7      | Reached XP level 9. HP: 51/51 MP: 12/16
  7524 | D:7      | Found a staircase to the Ecumenical Temple.
  7591 | Temple   | Entered the Ecumenical Temple
  7730 | Temple   | Became a worshipper of Hepliaklqana the Forgotten
  7862 | D:7      | Reached skill level 9 in Earth Magic
  8463 | D:8      | Reached skill level 1 in Short Blades
  9057 | D:8      | Noticed a two-headed ogre
  9269 | D:8      | Killed a two-headed ogre
  9328 | D:8      | Noticed an orange demon
  9370 | D:8      | Reached skill level 5 in Shields
  9581 | D:8      | Noticed Erica
  9586 | D:8      | Killed Erica
  9587 | D:8      | Reached XP level 10. HP: 16/56 MP: 10/17
  9597 | D:8      | Identified the +2 robe "Weptuadi" {Rampage rF++ Regen+
                  | Dex+3}
  9888 | D:8      | Found a white marble altar of Elyvilon.
  9897 | D:8      | Found an ancient bone altar of Kikubaaqudgha.
 10071 | D:8      | Noticed Amaemon
 10149 | D:8      | Learned a level 4 spell: Olgreb's Toxic Radiance
 10168 | D:8      | Reached skill level 1 in Fighting
 10168 | D:8      | Reached skill level 1 in Poison Magic
 10252 | D:9      | Found a bloodstained altar of Trog.
 10953 | D:8      | Identified a scroll of acquirement
 10954 | D:8      | Acquired the staff of earth "Atued" {*Corrode rElec rPois
                  | Int+5}
 11248 | D:9      | Reached skill level 5 in Poison Magic
 11431 | D:9      | Found a staircase to the Orcish Mines.
 12027 | D:9      | Found a staircase to the Lair.
 12156 | D:9      | Noticed an oklob plant
 12273 | D:9      | Paralysed by a hornet for 1 turns
 12389 | D:9      | Got the Annotations on Changing Envenoming
 12548 | D:10     | Entered Level 10 of the Dungeon
 12553 | D:10     | Reached XP level 11. HP: 69/69 MP: 7/18
 12735 | D:10     | Reached * piety under Hepliaklqana
 13012 | D:10     | Noticed a two-headed ogre
 13028 | D:10     | Killed a two-headed ogre
 13029 | D:10     | Reached skill level 5 in Dodging
 13186 | D:10     | Noticed a two-headed ogre
 13203 | D:10     | Killed a two-headed ogre
 13476 | D:10     | Reached skill level 5 in Fighting
 13969 | D:11     | Reached ** piety under Hepliaklqana
 13970 | D:11     | Remembered your ancestor Octolad as a battlemage
 14001 | D:11     | Found Kekaryn's Assorted Antiques.
 14009 | D:11     | Bought a scroll of identify for 54 gold pieces
 14009 | D:11     | Bought a scroll of identify for 54 gold pieces
 14009 | D:11     | Bought a smoky red potion for 24 gold pieces
 14009 | D:11     | Bought a white potion for 24 gold pieces
 14009 | D:11     | Bought a scroll of identify for 54 gold pieces
 14978 | D:12     | Noticed a phantasmal warrior
 14978 | D:12     | Noticed a skeletal warrior
 15053 | Lair:1   | Entered Level 1 of the Lair of Beasts
 15332 | Lair:1   | Found a gate leading to a gauntlet.
 15368 | Gauntlet | Entered a Gauntlet
 15368 | Gauntlet | Found a transporter.
 15368 | Gauntlet | Found a transporter.
 15368 | Gauntlet | Found a transporter.
 15410 | Gauntlet | Found a transporter.
 15411 | Gauntlet | Found a transporter.
 15416 | Gauntlet | Noticed a death scarab
 15417 | Gauntlet | Found a transporter.
 15420 | Gauntlet | Found a transporter.
 15422 | Gauntlet | Found a transporter.
 15423 | Gauntlet | Found a transporter.
 15425 | Gauntlet | Found a transporter.
 15429 | Gauntlet | Noticed a death yak
 15429 | Gauntlet | Noticed a necromancer
 15429 | Gauntlet | Noticed a death yak
 15432 | Gauntlet | Noticed a death yak
 15433 | Gauntlet | Found a transporter.
 15433 | Gauntlet | Found a transporter.
 15950 | Lair:1   | Reached *** piety under Hepliaklqana
 16184 | Lair:2   | Reached skill level 1 in Invocations
 16376 | Lair:2   | Reached XP level 12. HP: 65/69 MP: 3/22
 17045 | Lair:2   | Noticed a four-headed hydra
 17088 | Lair:2   | Killed a four-headed hydra
 17330 | Lair:2   | Noticed an eight-headed hydra
 17335 | Lair:2   | Killed an eight-headed hydra
 17723 | Lair:2   | Found a staircase to the Shoals.
 18136 | Lair:3   | Reached skill level 10 in Shields
 18219 | Lair:3   | Found a hole to the Spider Nest.
 18432 | Lair:3   | Reached **** piety under Hepliaklqana
 18468 | Lair:3   | Reached skill level 10 in Spellcasting
 19050 | Lair:4   | Noticed a skyshark
 19058 | Lair:3   | Reached skill level 5 in Invocations
 19063 | Lair:3   | Reached XP level 13. HP: 62/72 MP: 16/27
 20355 | Lair:4   | Noticed Iguz's ghost (journeyman DrSu)
 20362 | Lair:4   | Found a runed translucent gate.
 20362 | Lair:4   | Found a runed translucent gate.
 20362 | Lair:4   | Found a runed translucent gate.
 20853 | Lair:5   | Entered Level 5 of the Lair of Beasts
 20858 | Lair:5   | Found a runed translucent gate.
 20858 | Lair:5   | Found a runed translucent gate.
 20858 | Lair:5   | Found a runed translucent gate.
 21030 | Lair:5   | Identified the +2 helmet "Tuabexifa" {rPois Regen+ MP+9}
 21033 | Lair:5   | Reached skill level 10 in Poison Magic
 21562 | Lair:5   | Found a viscous altar of Jiyva.
 21563 | Lair:5   | Found a staircase to the Slime Pits.
 21587 | Lair:5   | Identified the +2 flail of the Thirsty Eyes {heavy,
                  | *Corrode Str+2 Dex+3}
 21737 | Lair:5   | Found a shimmering altar of Xom.
 21785 | Lair:5   | Reached ***** piety under Hepliaklqana
 22151 | Lair:5   | Noticed a fire dragon
 22159 | Lair:5   | Killed a fire dragon
 22576 | Lair:5   | Noticed lonewolfV2's ghost (journeyman MiFi)
 22874 | D:8      | Killed Amaemon
 22875 | D:8      | Reached XP level 14. HP: 82/82 MP: 4/28
 23451 | D:6      | Killed Maggie
 23735 | Orc:1    | Entered Level 1 of the Orcish Mines
 23893 | D:12     | You fall into a shaft and drop 3 floors!
 23893 | D:15     | Entered Level 15 of the Dungeon
 24486 | D:12     | Noticed Lodul
 24497 | D:12     | Killed Lodul
 25568 | D:13     | Noticed eurytides's ghost (journeyman MiFi)
 25615 | D:13     | Found a runed translucent gate.
 25615 | D:13     | Found a runed translucent gate.
 25615 | D:13     | Found a runed translucent gate.
 26617 | D:14     | Identified the staff of conjuration "Uxony" {rElec rCorr
                  | MP-9 Int+3}
 27248 | D:14     | Found a faded altar of an unknown god.
 28115 | D:14     | Found a gate to the Vaults.
 28529 | Orc:2    | Entered Level 2 of the Orcish Mines
 28529 | Orc:2    | Found a staircase to the Elven Halls.
 28908 | Orc:2    | Noticed an orc warlord
 29086 | Orc:2    | Killed an orc warlord
 30114 | Orc:2    | Reached XP level 15. HP: 91/91 MP: 21/29
 30341 | Orc:2    | Gained mutation: Your magical capacity is low. (-10% MP) [a
                  | neqoxec]
 30342 | Orc:2    | Gained mutation: You sometimes lose your temper in combat.
                  | [a neqoxec]
 30477 | Orc:2    | Lost mutation: You sometimes lose your temper in combat.
                  | [potion of mutation]
 30477 | Orc:2    | Lost mutation: Your magical capacity is low. (-10% MP)
                  | [potion of mutation]
 30477 | Orc:2    | Gained mutation: Your flesh is heat resistant. (rF+)
                  | [potion of mutation]
 30477 | Orc:2    | Gained mutation: Your magical capacity is low. (-10% MP)
                  | [potion of mutation]
 30508 | Orc:2    | Reached skill level 10 in Dodging
 30657 | Orc:2    | Found Azak's Weapon Shop.
 30659 | Orc:2    | Found Urufiel's Magic Scroll Shop.
 30683 | Orc:2    | Found Sunudgh's General Store.
 30689 | Orc:2    | Bought a book of Blasting for 640 gold pieces
 30695 | Orc:2    | Learned a level 5 spell: Lee's Rapid Deconstruction
 30695 | Orc:2    | Bought a potion of heal wounds for 80 gold pieces
 30695 | Orc:2    | Bought a scroll of blinking for 120 gold pieces
 30722 | Orc:2    | Found Dahacit's Weapon Boutique.
 30722 | Orc:2    | Noticed an orc warlord
 30722 | Orc:2    | Paralysed by an orc sorcerer for 3 turns
 30732 | Orc:2    | Killed an orc warlord
 31799 | Orc:1    | Reached skill level 10 in Earth Magic
 32293 | D:15     | Found a portal to a secret trove of treasure.
 32308 | D:15     | Noticed Kirke
 32317 | D:15     | Killed Kirke
 32637 | D:15     | Found a staircase to the Depths.
 32647 | D:15     | Reached skill level 11 in Earth Magic
 32921 | D:15     | Reached ****** piety under Hepliaklqana
 32934 | D:15     | Found Cestast's Armour Shoppe.
 34016 | Spider:1 | Entered Level 1 of the Spider Nest
 34082 | Shoals:1 | Entered Level 1 of the Shoals
 34309 | Shoals:1 | Found the +6 lightning scales {swift, rElec}
 34344 | Shoals:1 | Found a large runed translucent door.
 34344 | Shoals:1 | Found a large runed translucent door.
 34346 | Shoals:1 | Noticed Zipteul's ghost (adept NaBe)
 34448 | Shoals:1 | Reached skill level 12 in Earth Magic
 35541 | Shoals:1 | Found Facetuwo's Island Escapes.
 35625 | Shoals:1 | Bought 3 scrolls of blinking for 315 gold pieces
 35625 | Shoals:1 | Bought a scroll of blinking for 105 gold pieces
 35625 | Shoals:1 | Bought a scroll of blinking for 105 gold pieces
 35863 | D:15     | You paid a toll of 6 scrolls of blinking to enter a
                  | treasure trove
 35864 | Trove    | Entered a treasure trove
 35869 | Trove    | Found the +4 consecrated labrys {holy, Valiant Fragile Fly
                  | SInv}
 35878 | Trove    | Identified the ring "Cantur" {+Blink rC- Int+6 Dex+6}
 35886 | Trove    | Identified the +10 glaive of Gozag's Esteem {drain, rF+}
 36280 | Shoals:1 | Noticed a kraken
 36302 | Shoals:1 | Killed a kraken
 37012 | Shoals:2 | Reached skill level 13 in Earth Magic
 37668 | Shoals:2 | HP: 1/92 [skyshark (5)]
 37668 | Shoals:2 | Slain by a skyshark

Illustrated notes

Levels and vault maps discovered:
D:1:      dpeg_arrival_renting, layout_basic
D:2:      layout_basic
D:3:      layout_basic
D:4:      layout_gridville, gammafunk_ghost_necromancy, uniq_grinder
D:5:      layout_loops_ring, st_stairs_6
D:6:      layout_basic, kennysheep_diamond, kennysheep_generic_room_3,
          uniq_maggie
D:7:      layout_loops_ring, minmay_temple_entry_tees, st_stairs_8, minivault_5
D:8:      kennysheep_steamy, layout_loops_cross, mainiacjoe_overflow_swirl,
          uniq_amaemon, uniq_erica
D:9:      layout_loops_ring, mainiacjoe_overflow_six_doors_small,
          hellmonk_lair_entry_icy, david_orc_3, introduction_to_nature_1
D:10:     layout_grid_maze, dk_noncrumbling_3
D:11:     layout_loops_ring, serial_shops, nicolae_shop_stone
D:12:     layout_cave_pods, kennysheep_pointless_box, uniq_lodul
D:13:     layout_basic, maelrawn_ghost_gauntlet_escape,
          small_statue_intersection
D:14:     layout_stronghold, david_vaults_4, serial_column_ruins,
          column_ruins_temple_circle, column_ruins_grid_3,
          column_ruins_open_tiny, column_ruins_columns_straight,
          column_ruins_grid_1
D:15:     gammafunk_depths_entry_grave, layout_irregular_city, enter_trove_2,
          roderic_lattice_a, serial_shops, shop, uniq_kirke
Temple:   nicolae_temple_bog_church
Lair:1:   layout_cave_pods, gauntlet_entry_generic, cheibrodos_lair_lostbears
Lair:2:   layout_small_grid, minmay_shoals_entry_hut
Lair:3:   layout_misc_corridors, nicolae_spider_entry_non_spiders, minivault_27,
          grunt_megastairs_2
Lair:4:   layout_hall_layers, gammafunk_ghost_split, minivault_26,
          minmay_lindwurm_lava
Lair:5:   guppyfry_lair_end_dragon, layout_cave_pods, dpeg_slime_entry_enclosed,
          gammafunk_ghost_icy, basic_altar
Shoals:1: layout_shoals, ebering_ghost_disaster_area,
          nicolae_shoals_cliffside_cave, nicolae_island_escapes
Shoals:2: layout_shoals
Spider:1: layout_spider_delve, uniq_rupert
Orc:1:    lemuel_ogre_cave, layout_caves, basic_altar
Orc:2:    hellmonk_orc_salted, layout_diamond_mine

Skill      XL: |  1  2  3  4  5  6  7  8  9 10 11 12 13 14 15 |
---------------+----------------------------------------------+-----
Spellcasting   | 3 4 5 7 10 | 10.0
Conjurations   | 1 2 3 4 |  4.5
Earth Magic    | 4 5 6 8 9 13 | 13.4
Transmutations | 3 |  3.8
Short Blades   | 2 |  2.6
Shields        | 7 8 10 11 12 | 12.0
Fighting       | 4 5 7 9 |  9.9
Poison Magic   | 6 7 11 12 | 12.0
Dodging        | 4 5 7 9 10 | 10.1
Invocations    | 4 5 8 |  8.0
Stealth        | |  2.6

Action                     |  1- 3 |  4- 6 |  7- 9 | 10-12 | 13-15 || total
---------------------------+-------+-------+-------+-------+-------++-------
  Melee: Unarmed           |     3 |     1 |       |       |       ||     4
         Constrict         |     2 |       |     5 |     5 |     3 ||    15
         Tentacles         |     1 |       |    11 |     9 |     5 ||    26
         Dagger            |       |       |    35 |    32 |       ||    67
         Staff             |       |       |       |    16 |    18 ||    34
         Punch             |       |       |       |     2 |     1 ||     3
   Cast: Sandblast         |    51 |    47 |    22 |    30 |     6 ||   156
         Stone Arrow       |       |    12 |    57 |   140 |   300 ||   509
         Petrify           |       |       |    11 |    13 |     9 ||    33
         Olgreb's Toxic Ra |       |       |       |    51 |   137 ||   188
         Lee's Rapid Decon |       |       |       |       |    18 ||    18
 Invoke: Ancestor Life: Ba |       |       |       |     1 |       ||     1
         Ancestor Identity |       |       |       |     1 |       ||     1
         Recall Ancestor   |       |       |       |     1 |     6 ||     7
         Idealise          |       |       |       |       |     1 ||     1
  Evoke: Wand              |       |       |     3 |     3 |       ||     6
    Use: Potion            |       |       |     1 |     1 |     2 ||     4
         Scroll            |       |       |       |    20 |     9 ||    29
   Stab: Petrified         |       |       |    25 |    15 |       ||    40
         Sleeping          |       |       |     1 |       |       ||     1
 Armour: Skin              |     1 |     2 |     2 |     6 |     4 ||    15
  Dodge: Dodged            |    16 |    15 |    26 |    59 |    96 ||   212
  Block: Buckler           |       |       |     3 |    18 |       ||    21
         Kite shield       |       |       |       |    18 |    82 ||   100
